 Dungeon Crawl Stone Soup version 0.31-a0-175-g9f7f995f2b (webtiles) character file.

Game seed: 8926388385962760002

1099 qw the Skirmisher (level 8, -5/49 HPs)
             Began as a Gargoyle Hunter on June 17, 2023.
             Slain by a troll (7 damage)
             ... on level 5 of the Dungeon.
             The game lasted 00:01:32 (4229 turns).

qw the Skirmisher (Gargoyle Hunter)                 Turns: 4229, Time: 00:01:33

Health: -5/49      AC: 15    Str: 15    XL:     8   Next: 32%
Magic:  8/8        EV: 11    Int:  8    God:
Gold:   282        SH:  0    Dex: 15    Spells: 7/7 levels left

rFire   + . .        j - +2 shortbow (heavy)
rCold   . . .        (shield currently unavailable)
rNeg    + . .        g - +0 ring mail
rPois   inf          d - +2 helmet
rElec   +            (no cloak)
rCorr   .            (no gloves)
SInv    .            h - +0 pair of boots
Will    .....        (no amulet)
Stlth   +            (no ring)
HPRegen 0.28/turn    (no ring)
MPRegen 0.11/turn

%: no passive effects
@: no status effects
A: sickness immunity, AC +5, negative energy resistance 1, electricity
resistance, torment resistance 1, petrification resistance, dopey 1, fire
resistance 1
a: no special abilities


You were on level 5 of the Dungeon.
You visited 2 branches of the dungeon, and saw 6 of its levels.
You also visited: Sewer.

You collected 331 gold pieces.
You spent 49 gold pieces at shops.


Innate Abilities, Weirdness & Mutations

You are immune to sickness and miasma.
Your stone body is resilient. (AC +5)
You are immune to poison.
You resist negative energy. (rN+)
You are resistant to electric shocks. (rElec)
You are resistant to unholy torment.
You are immune to petrification.
You are dopey. (Int -2)
Your flesh is heat resistant. (rF+)


   Skills:
 - Level 5.0 Fighting
 + Level 8.9 Ranged Weapons
 - Level 2.3 Armour
 - Level 2.3 Dodging
 - Level 1.1 Stealth


You had 7 spell levels left.
You didn't know any spells.
Your spell library was empty.

Inventory:

Hand Weapons
 j - a +2 heavy shortbow (weapon)
Armour
 d - a +2 helmet (worn)
 g - a +0 ring mail (worn)
 h - a +0 pair of boots (worn)
Jewellery
 k - an amulet of the acrobat
Scrolls
 c - a scroll of immolation {unknown}
 i - a scroll of identify
Potions
 a - a potion of resistance {unknown}
 b - a potion of might {unknown}
 e - a potion of degeneration {unknown}
 f - a potion of mutation

Dungeon Overview and Level Annotations

Branches:
Dungeon (5/15)             Temple (1/1) D:4           Sewer (visited)

Altars:
Fedhas
Gozag
Hepliaklqana
Kikubaaqudgha
Qazlal
Ru
Sif Muna
Uskayaw
Vehumet
Wu Jian
Zin
Lugonu

Shops:
D:2 [

Annotations:
D:3 1 runed translucent door, qw's ghost, amateur GrHu


Message History

Enter note:
Enter note:
Enter note: You now have 273 gold pieces (gained 7).
k - an amulet of the acrobat
Enter note:
Enter note:
Enter note:
Enter note:
Enter note:
Enter note: You now have 282 gold pieces (gained 9).
You enter the shallow water.
Moving in this stuff is going to be slow.
You open the door.
There is an open door here.
A troll comes into view.
Enter note:
Enter note:
Enter note:
Enter note:
Enter note:
Enter note: You shoot an arrow.
The arrow hits the troll.
The troll is lightly wounded.
The troll bites you!
The troll claws you but does no damage. x2
You shoot an arrow.
The arrow hits the troll but does no damage.
The troll is lightly wounded.
The troll bites you! The troll claws you but does no damage.
The troll closely misses you. The troll bites you but does no damage.
The troll claws you. The troll claws you but does no damage.
You shoot an arrow. The arrow hits the troll!!
The troll is heavily wounded.
The troll bites you! The troll claws you but does no damage.
The troll claws you!
You shoot an arrow. The arrow hits the troll!
The troll is almost dead.
The troll bites you!
You die...

.# #.##....#.##
#.##.#......
#...........
####.#.##### # #.#.###..
###. #.......#
.....#############.#####
... #....T...... #......
#.# #@### #.##### #.#
#.'.# #....#.
#.######### #.#.#
######. #.#.......#
#.### ...... #.#.#####.#
#^..# ###### #.#.# #.#
#.### ##.#.#####.## #..#
# ...........~7###.## #
#....#####~7~.#...# #


You could see a troll.

Vanquished Creatures
  Sigmund (D:2)
  2 water moccasins
  2 ice beasts (D:5)
  A centaur (D:5)
  A phantom (D:5)
  A scorpion (D:4)
  A hound (D:3)
  2 orc priests (D:5)
  A sleepcap (D:5)
  2 iguanas
  An orc wizard (D:5)
  8 adders
  2 worms
  5 orcs
  6 endoplasms
  4 giant cockroaches
  7 goblins
  5 hobgoblins
  9 jackals
  5 kobolds
  2 quokkas (D:5)
  5 ball pythons (D:1)
  11 bats
  A frilled lizard (D:3)
  2 rats
87 creatures vanquished.

Notes
Turn   | Place    | Note
-------+----------+-------------------------------------------
     0 | D:1      | qw the Gargoyle Hunter began the quest for the Orb.
     0 | D:1      | Reached XP level 1. HP: 12/12 MP: 1/1
     0 | D:1      | 0 ||| qw: Version: 0.3-a-3-g30531e4
     0 | D:1      | 0 ||| qw: Game counter: 417
     0 | D:1      | 0 ||| qw: Always use a shield: true
     0 | D:1      | 0 ||| qw: God list: Okawaru
     0 | D:1      | 0 ||| qw: Allow faded altars: false
     0 | D:1      | 0 ||| qw: Do Orc after D:15 true
     0 | D:1      | 0 ||| qw: Do second Lair branch before Depths: true
     0 | D:1      | 0 ||| qw: Lair rune preference: random
     0 | D:1      | 0 ||| qw: Plans: Normal, Zot:1-4, Slime:5, God:TSO, Crypt,
                  | Tomb, Abyss, Pan, Hells, Win
     0 | D:1      | 0 ||| PLANNING D:1-11
    79 | D:1      | Reached XP level 2. HP: 14/17 MP: 2/2
   371 | D:1      | Reached XP level 3. HP: 21/21 MP: 3/3
   552 | D:1      | Reached skill level 5 in Ranged Weapons
   808 | D:1      | 808 ||| READING 3 scrolls labelled QIHI ZEDENWESS.
   809 | D:1      | 809 ||| DROPPING scroll of butterflies.
  1120 | D:2      | Found a faded altar of an unknown god.
  1151 | D:2      | Found Heih's Armour Emporium.
  1154 | D:2      | 1154 ||| BUYING +0 helmet (49 gold).
  1154 | D:2      | Bought a +0 helmet for 49 gold pieces
  1154 | D:2      | 1154 ||| SHOPLISTING +0 ring mail (44 gold, have 15).
  1154 | D:2      | 1154 ||| SHOPLISTING +1 robe of Ydghylic {rElec rC++ Slay+3
                  | Stlth+} (578 gold, have 15).
  1154 | D:2      | 1154 ||| SHOPLISTING +2 leather armour of cold resistance
                  | (209 gold, have 15).
  1154 | D:2      | 1154 ||| SHOPLISTING scarf of repulsion (132 gold, have
                  | 15).
  1271 | D:2      | Reached skill level 3 in Fighting
  1271 | D:2      | Reached XP level 4. HP: 28/28 MP: 4/4
  1329 | D:2      | Noticed Sigmund
  1331 | D:2      | 1331 ||| FLEEEEING.
  1332 | D:2      | 1332 ||| FLEEEEING.
  1333 | D:2      | 1333 ||| FLEEEEING.
  1334 | D:2      | 1334 ||| FLEEEEING.
  1342 | D:2      | 1342 ||| FLEEEEING.
  1343 | D:2      | 1343 ||| FLEEEEING.
  1344 | D:2      | 1344 ||| FLEEEEING.
  1345 | D:2      | 1345 ||| FLEEEEING.
  1346 | D:2      | 1346 ||| FLEEEEING.
  1348 | D:2      | 1348 ||| FLEEEEING.
  1349 | D:2      | 1349 ||| FLEEEEING.
  1350 | D:2      | 1350 ||| FLEEEEING.
  1351 | D:2      | 1351 ||| FLEEEEING.
  1362 | D:2      | HP: 7/28 [something (6)]
  1363 | D:2      | Killed Sigmund
  1364 | D:2      | Reached skill level 6 in Ranged Weapons
  1364 | D:2      | Reached XP level 5. HP: 8/32 MP: 5/5
  1929 | D:2      | 1929 ||| UPGRADING to +0 helmet.
  1934 | D:2      | 1934 ||| UPGRADING to +0 ring mail.
  1944 | D:2      | 1944 ||| DROPPING +0 leather armour.
  1945 | D:2      | 1945 ||| UPGRADING to +0 pair of boots.
  1950 | D:2      | 1950 ||| READING 2 scrolls of enchant armour.
  1950 | D:2      | 1950 ||| ENCHANTING +0 helmet.
  1951 | D:2      | 1951 ||| READING scroll of enchant armour.
  1951 | D:2      | 1951 ||| ENCHANTING +1 helmet.
  1952 | D:2      | 1952 ||| READING scroll labelled DYTSAA JATEGG.
  1953 | D:2      | 1953 ||| READING scroll labelled HIEDWE SOIKOA.
  1980 | D:3      | 1980 ||| PLANNING SEWER
  2054 | D:3      | Reached XP level 6. HP: 37/37 MP: 6/6
  2056 | D:3      | Reached skill level 1 in Armour
  2091 | D:3      | Found an opulent altar of Gozag.
  2244 | D:3      | Found a runed translucent door.
  2245 | D:3      | Noticed qw's ghost (amateur GrHu)
  2275 | D:3      | Found a glowing drain.
  2276 | D:3      | 2276 ||| DROPPING scarf of harm.
  2277 | D:3      | 2277 ||| DROPPING +2 helmet.
  2278 | D:3      | 2278 ||| READING scroll labelled MURASHOAGUN.
  2279 | D:3      | 2279 ||| READING scroll labelled ZINUNATUWI.
  2280 | D:3      | 2280 ||| READING scroll labelled UDANUU CAAST.
  2305 | D:3      | 2305 ||| READING scroll labelled MYTEEF PUETHYO.
  2315 | Sewer    | Entered a sewer
  2337 | Sewer    | Noticed a water moccasin
  2349 | Sewer    | Killed a water moccasin
  2436 | D:3      | 2436 ||| PLANNING D:1-11
  2537 | D:3      | Found an ancient bone altar of Kikubaaqudgha.
  2565 | D:4      | 2565 ||| STAIRDANCE
  2715 | D:4      | Reached XP level 7. HP: 44/44 MP: 7/7
  2723 | D:4      | Reached skill level 7 in Ranged Weapons
  3004 | D:4      | Found a staircase to the Ecumenical Temple.
  3005 | D:4      | 3005 ||| PLANNING TEMPLE
  3005 | D:4      | 3005 ||| DROPPING ring of wizardry.
  3006 | D:4      | 3006 ||| READING 2 scrolls labelled XORGHA IXKAYSORCH.
  3011 | D:4      | 3011 ||| DRINKING 2 smoky black potions.
  3011 | D:4      | Gained mutation: You are dopey. (Int -2) [potion of
                  | mutation]
  3011 | D:4      | Gained mutation: Your flesh is heat resistant. (rF+)
                  | [potion of mutation]
  3035 | Temple   | Entered the Ecumenical Temple
  3131 | Temple   | 3131 ||| PLANNING D:1-11
  3198 | D:4      | 3198 ||| DROPPING +2 helmet.
  3224 | D:5      | Entered Level 5 of the Dungeon
  3228 | D:5      | 3228 ||| Stepping ~*~*~tactically~*~*~ (outnumbered).
  3236 | D:5      | HP: 11/44 [something/puff of flame (6)]
  3237 | D:5      | 3237 ||| READING scroll of teleportation.
  3245 | D:5      | HP: 7/44 [iguana (1)]
  3246 | D:5      | HP: 3/44 [iguana (4)]
  3567 | D:5      | Reached skill level 8 in Ranged Weapons
  3865 | D:5      | Reached XP level 8. HP: 18/49 MP: 8/8
  3978 | D:5      | 3978 ||| SWAPPING to +2 heavy shortbow.
  3979 | D:5      | 3979 ||| DROPPING +1 shortbow.
  4026 | D:5      | 4026 ||| FLEEEEING.
  4027 | D:5      | 4027 ||| FLEEEEING.
  4028 | D:5      | 4028 ||| FLEEEEING.
  4029 | D:5      | 4029 ||| FLEEEEING.
  4030 | D:5      | 4030 ||| FLEEEEING.
  4031 | D:5      | 4031 ||| FLEEEEING.
  4032 | D:5      | 4032 ||| FLEEEEING.
  4033 | D:5      | 4033 ||| FLEEEEING.
  4034 | D:5      | 4034 ||| FLEEEEING.
  4035 | D:5      | 4035 ||| FLEEEEING.
  4036 | D:5      | 4036 ||| FLEEEEING.
  4037 | D:5      | 4037 ||| FLEEEEING.
  4038 | D:5      | 4038 ||| FLEEEEING.
  4225 | D:5      | Noticed a troll
  4228 | D:5      | HP: 10/49 [troll (13)]
  4228 | D:5      | HP: 1/49 [troll (9)]
  4229 | D:5      | Slain by a troll

Levels and vault maps discovered:
D:1:      tarquinn_simple_flora_water_d, layout_basic
D:2:      layout_basic, nicolae_ecumenical_lake_church, serial_shops, shop,
          minmay_misc_feat_encased, uniq_sigmund
D:3:      layout_rooms, lemuel_coloured_pillars_altar, general_overflow_altar,
          gammafunk_ghost_grave, portal_sewer_entry_f, grunt_decor_arrowhead,
          minmay_between
D:4:      layout_basic, minmay_temple_entry_mist
D:5:      layout_loops_corners, nicolae_ea-nasir_strikes_again,
          serial_bayou_pond_e
Temple:   kb_corrupted_temple

Skill      XL: |  1  2  3  4  5  6  7 |
---------------+----------------------+-----
Ranged Weapons | 5 6 8 |  8.9
Fighting       | 3 4 5 |  5.0
Armour         | 1 2 |  2.3
Dodging        | 2 |  2.3
Stealth        | |  1.1

Action                     |  1- 3 |  4- 6 |  7- 9 || total
---------------------------+-------+-------+-------++-------
   Fire: Shortbow          |   103 |    93 |   148 ||   344
    Use: Scroll            |     1 |     8 |     2 ||    11
         Potion            |       |       |     1 ||     1
 Armour: Leather armour    |    20 |     1 |       ||    21
         Ring mail         |       |    21 |    72 ||    93
  Dodge: Dodged            |    29 |    24 |    59 ||   112

Table legend:
 A = Non-vault XP
 B = Vault XP
 C = Vault XP percentage of total XP
 D = Non-vault monster count
 E = Vault monster count
 F = Vault count percentage of total count
                 A         B        C        D         E       F
            +---------+---------+-------+---------+---------+-------
      Total |    1167 |     404 |  25.7 |      76 |      11 |  12.6
            +---------+---------+-------+---------+---------+-------
        D:1 |      50 |       0 |   0.0 |      28 |       0 |   0.0
        D:2 |      42 |     223 |  84.2 |       9 |       1 |  10.0
        D:3 |     105 |      35 |  25.0 |       9 |       7 |  43.8
        D:4 |     136 |       0 |   0.0 |      11 |       0 |   0.0
        D:5 |     834 |       0 |   0.0 |      19 |       0 |   0.0
      Sewer |       0 |     146 | 100.0 |       0 |       3 | 100.0
            +---------+---------+-------+---------+---------+-------
